 Dungeon Crawl Stone Soup version 0.30-a0-34-gbe8da3892a (webtiles) character file.

Game seed: 2292329595050137642

2563 ytrimaz the Changer (level 9, -3/53 HPs)
             Began as an Octopode Transmuter on Aug 27, 2022.
             Was an Initiate of Ashenzari.
             Slain by a troll (12 damage)
             ... on level 7 of the Dungeon.
             The game lasted 00:11:03 (8147 turns).

ytrimaz the Changer (Octopode Transmuter)           Turns: 8147, Time: 00:11:03

Health: -3/53      AC:  6    Str: 10    XL:     9   Next: 57%
Magic:  20/21      EV: 19    Int: 19    God:    Ashenzari [......]
Gold:   240        SH:  5    Dex: 17    Spells: 7/24 levels left

rFire   . . .      SeeInvis .      - Unarmed
rCold   . . .      Faith    .    (shield currently unavailable)
rNeg    . . .      Spirit   .    (helmet currently unavailable)
rPois   x          Reflect  +    b - amulet of reflection
rElec   .          Harm     .    o - ring of Cremastomancy {AC+4, Alch, Self} (curse)
rCorr   .          Rampage  .    (no ring)
Will    .....                    (no ring)
Stlth   ++........               (no ring)
HPRegen 0.17/turn                (no ring)
MPRegen 0.17/turn                (no ring)
                                 (no ring)
                                 (no ring)

@: spider-form
A: venomous fangs, almost no armour, (amphibious), 8 rings, tiny, (camouflage
1), (gelatinous body 1), (nimble swimmer 1), (tentacles), MP-powered wands
a: End Transformation, Renounce Religion, Shatter the Chains


You were on level 7 of the Dungeon.
You worshipped Ashenzari.
Ashenzari was noncommittal.
You were a venomous arachnid creature.
You visited 2 branches of the dungeon, and saw 8 of its levels.

You collected 240 gold pieces.

Inventory:

Armour
 i - a +1 hat (melded)
Jewellery
 b - an amulet of reflection (around neck)
 o - the cursed ring of Cremastomancy (left front leg) {AC+4, Alch, Self}
   (You found it on level 3 of the Dungeon)

   [ring of protection]

   AC:        It affects your AC (+4).
   It has a curse which improves the following skills: Alchemy: Poison Magic and
   Transmutations.
   Introspection: Fighting and Spellcasting.
Scrolls
 c - a scroll of vulnerability
 h - 2 scrolls of amnesia
 k - 2 scrolls of immolation
 l - 3 scrolls of noise
 n - 2 scrolls of fog
 r - a scroll of teleportation
Potions
 a - a potion of ambrosia {unknown}
 d - 2 potions of invisibility
 e - a potion of flight {unknown}
 f - 6 potions of curing
 g - a potion of mutation
 j - 3 potions of might
 m - a potion of magic {unknown}
 p - a potion of haste {unknown}
 q - 2 potions of heal wounds


   Skills:
 - Level 1.0(1.2) Fighting
 - Level 2.0 Dodging
 - Level 4.3 Unarmed Combat
 - Level 7.5(8.0) Spellcasting
 + Level 7.6(8.0) Transmutations
 * Level 4.2 Ice Magic
 - Level 4.0(4.3) Poison Magic


You had 7 spell levels left.
You knew the following spells:

 Your Spells              Type           Power      Damage    Failure   Level
a - Beastly Appendage     Tmut           76%        N/A       2%          1
b - Wereblood             Tmut           38%        N/A       3%          2
c - Spider Form           Tmut/Pois      31%        N/A       8%          3
d - Ice Form              Ice/Tmut       31%        N/A       19%         4
e - Storm Form            Tmut/Air       11%        N/A       100%        7

Your spell library contained the following spells:

 Spells                   Type           Power      Damage    Failure   Level
 Mephitic Cloud           Conj/Pois/Air  13%        N/A       34%         3
 Inner Flame              Hex/Fire       7%         N/A       47%         3
 Cause Fear               Hex            3%         N/A       83%         4
 Summon Forest            Summ/Tloc      3%         N/A       98%         5
 Summon Mana Viper        Hex/Summ       7%         N/A       98%         5
 Summon Cactus Giant      Summ           3%         N/A       100%        6
 Discord                  Hex            3%         N/A       100%        8


Dungeon Overview and Level Annotations

Branches:
Dungeon (7/15)             Temple (1/1) D:6

Altars:
Ashenzari
Cheibriados
Dithmenos
Elyvilon
Fedhas
Gozag
Hepliaklqana
Kikubaaqudgha
Makhleb
Nemelex Xobeh
Okawaru
Qazlal
Ru
Trog
Uskayaw
Vehumet
Wu Jian


Innate Abilities, Weirdness & Mutations

You are a venomous arachnid creature.
You have poisonous fangs.
You are tiny and dextrous.
Your spellcasting is less reliable in this form.
Your armour is entirely melded.
You are incapable of wielding weapons or throwing items.
You cannot wear most types of armour.
((You are amphibious.))
You can wear up to eight rings at the same time.
((Your skin changes colour to match your surroundings (Stealth+).))
((Your rubbery body absorbs attacks. (AC +1, EV +1)))
((You are camouflaged when in or above water. (Stealth+)))
((You have tentacles for arms and can constrict up to eight enemies at once.))
You expend magic power (3 MP) to strengthen your wands.


Message History

You turn into a venomous arachnid creature.
Your +1 hat melds into your body.
Unknown command.
You bite the troll!
The troll is moderately wounded.
The troll barely misses you. x2; The troll claws you but does no damage.
You barely miss the troll.
The troll is lightly wounded.
The troll closely misses you. The troll completely misses you.
The troll claws you.
You barely miss the troll.
The troll is lightly wounded.
The troll barely misses you. The troll closely misses you. x2
You hit the troll but do no damage.
The troll is poisoned.
The troll is lightly wounded.
The troll misses you. The troll completely misses you. The troll claws you.
You hit the troll.
The troll looks as sick as possible!
The troll is moderately wounded.
The troll bites you. The troll misses you. The troll barely misses you.
You hit the troll but do no damage.
The troll is moderately wounded.
The troll closely misses you. x2; The troll misses you.
You bite the troll!
The troll looks as sick as possible!
The troll is heavily wounded.
The troll completely misses you. You block the troll's attack.
The troll closely misses you.
You hit the troll.
The troll looks as sick as possible!
The troll is severely wounded.
The troll bites you. The troll claws you! The troll misses you.
You bite the troll!
The troll looks as sick as possible!
The troll is almost dead.
The troll misses you. The troll claws you. x2
You hit the troll.
The troll looks as sick as possible!
The troll is almost dead.
The troll misses you. The troll claws you! The troll claws you.
* * * LOW HITPOINT WARNING * * *
The troll bites you!
* * * LOW HITPOINT WARNING * * *
The troll claws you!
You die...

............## #......#
#. ..#...###)..<#
#......# #.
#............###......#
#.
#####.#........#......#
####.
#.#.#.#..#........###....
#.#.#.#..#.#......##.....
#.#.##.#.##.....##..... .
..#..#.######.##..... #
#.#.s#.######........
#.#!.T........##.....
#..##.##.. ###### #... .#
.. #.### #. #.# #. #.# #.
#.$ #. .. #.


You could see a troll (extremely poisoned).

Vanquished Creatures
  A steam dragon (D:6)
  3 vampire mosquitoes (D:7)
  2 water moccasins
  An orc warrior (D:6)
  An ogre (D:6)
  A phantom (D:7)
  2 bullfrogs
  A gnoll sergeant (D:6)
  A necrophage (D:7)
  3 scorpions
  6 killer bees
  6 hounds
  3 jellies
  An orc priest (D:5)
  A gnoll bouda (D:5)
  Terence (D:2)
  2 iguanas (D:6)
  9 orc wizards
  13 gnolls
  9 adders
  A white imp (D:5)
  2 worms
  15 orcs
  9 ball pythons
  8 endoplasms
  A giant cockroach (D:1)
  8 goblins
  12 hobgoblins
  7 jackals
  2 quokkas
  4 bats
  4 frilled lizards
  6 kobolds
  3 rats
149 creatures vanquished.

Notes
Turn   | Place    | Note
-------+----------+-------------------------------------------
     0 | D:1      | ytrimaz the Octopode Transmuter began the quest for the
                  | Orb.
     0 | D:1      | Reached XP level 1. HP: 13/13 MP: 3/3
   376 | D:1      | Reached XP level 2. HP: 18/18 MP: 3/5
   795 | D:1      | Reached XP level 3. HP: 18/23 MP: 6/6
  1419 | D:1      | Learned a level 2 spell: Wereblood
  1423 | D:1      | Learned a level 3 spell: Spider Form
  1561 | D:2      | Noticed Terence
  1584 | D:2      | Killed Terence
  1585 | D:2      | Reached skill level 1 in Poison Magic
  1585 | D:2      | Reached XP level 4. HP: 5/28 MP: 1/7
  1866 | D:2      | Found a faded altar of an unknown god.
  2627 | D:3      | Found a bloodstained altar of Trog.
  2936 | D:3      | Reached XP level 5. HP: 27/33 MP: 6/8
  3427 | D:3      | Got Tatwos's Handbook of the Mutable Assassin
  3445 | D:3      | Found a sacrificial altar of Ru.
  3971 | D:4      | Reached XP level 6. HP: 38/38 MP: 8/10
  4692 | D:4      | Found a burning altar of Makhleb.
  4746 | D:5      | Entered Level 5 of the Dungeon
  4814 | D:5      | Noticed a water moccasin
  4821 | D:5      | Killed a water moccasin
  4822 | D:5      | Reached XP level 7. HP: 43/43 MP: 8/12
  5033 | D:5      | Found a hazy altar of Hepliaklqana.
  5033 | D:5      | Found a white marble altar of Elyvilon.
  5034 | D:5      | Found a stormy altar of Qazlal.
  5190 | D:5      | Learned a level 4 spell: Ice Form
  5471 | D:5      | Reached skill level 5 in Transmutations
  5497 | D:5      | Reached skill level 5 in Spellcasting
  5801 | D:5      | Reached XP level 8. HP: 37/48 MP: 11/15
  5925 | D:5      | Learned a level 7 spell: Storm Form
  6011 | D:6      | Found a staircase to the Ecumenical Temple.
  6089 | Temple   | Entered the Ecumenical Temple
  6109 | Temple   | Became a worshipper of Ashenzari the Shackled
  6158 | D:6      | Reached skill level 1 in Ice Magic
  7378 | D:6      | Gained mutation: You are dopey. (Int -2) [potion of
                  | mutation]
  7378 | D:6      | Gained mutation: Your magical capacity is low. (-10% MP)
                  | [potion of mutation]
  7379 | D:6      | Lost mutation: You are dopey. (Int -2) [potion of mutation]
  7379 | D:6      | Lost mutation: Your magical capacity is low. (-10% MP)
                  | [potion of mutation]
  7379 | D:6      | Gained mutation: You expend magic power (3 MP) to
                  | strengthen your wands. [potion of mutation]
  7402 | D:7      | Reached XP level 9. HP: 53/53 MP: 14/19
  7824 | D:7      | Found an ancient bone altar of Kikubaaqudgha.
  7968 | D:7      | Found an iron altar of Okawaru.
  8134 | D:7      | Noticed a troll
  8147 | D:7      | Slain by a troll

Illustrated notes

Levels and vault maps discovered:
D:1:      matt_arrival_grand_opening, layout_loops_cross, minmay_tetromino_l2
D:2:      layout_basic, chequers_ecumenical_altar_simple_redux, uniq_terence
D:3:      layout_basic, mainiacjoe_overflow_catwalk, lemuel_round_altar
D:4:      layout_loops_ring, lightli_temple_of_fire
D:5:      layout_loops_ring, gammafunk_temple_overflow_claw, minivault_4
D:6:      layout_cave_pools, minmay_temple_entry_sparse_star
D:7:      layout_basic, okawaru_altar_gauntlet_db,
          mainiacjoe_overflow_small_starburst
Temple:   hellmonk_temple_rainy

Skill      XL: |  1  2  3  4  5  6  7  8  9 |
---------------+----------------------------+-----
Unarmed Combat | 4 |  4.3
Poison Magic   | 1 2 3 4 |  4.0
Transmutations | 3 4 5 6 7 |  7.6
Spellcasting   | 3 5 6 7 |  7.5
Ice Magic      | 2 4 |  4.2
Fighting       | |  1.0
Dodging        | |  2.0

Action                   |  1- 3 |  4- 6 |  7- 9 || total
-------------------------+-------+-------+-------++-------
Melee: Unarmed           |    72 |   113 |   271 ||   456
       Tentacles         |    15 |    17 |     1 ||    33
       Constrict         |    13 |    27 |     2 ||    42
       Kick              |    14 |    18 |       ||    32
       Punch             |     4 |     5 |       ||     9
 Cast: Beastly Appendage |    22 |    26 |     2 ||    50
       Wereblood         |     1 |       |     5 ||     6
       Spider Form       |       |     4 |    16 ||    20
       Ice Form          |       |       |    14 ||    14
Invok: Curse Item        |       |       |     1 ||     1
  Use: Scroll            |     3 |     9 |     5 ||    17
       Potion            |       |     2 |     3 ||     5
 Stab: Sleeping          |     2 |     7 |       ||     9
Armor: Skin              |     4 |    11 |    93 ||   108
Dodge: Dodged            |    45 |    73 |   159 ||   277
Block: Other             |    18 |    28 |    67 ||   113
       Reflection        |       |     1 |       ||     1

Table legend: (Time is in decaauts)
 A = Elapsed time spent in this place.
 B = Non-inter-level travel time spent in this place.
 C = Inter-level travel time spent in this place.
 D = Time resting spent in this place.
 E = Time spent auto-exploring this place.
 F = Levels seen in this place.
 G = Mean time per level.
                   A        B        C        D        E       F      G
               +--------+--------+--------+--------+--------+-----+--------+
         Total |   8109 |   7893 |    216 |    354 |   6300 |   8 | 1013.6 |
       Dungeon |   8080 |   7877 |    203 |    354 |   6290 |   7 | 1154.3 |
        Temple |     28 |     15 |     13 |      0 |     10 |   1 |   28.0 |
               +--------+--------+--------+--------+--------+-----+--------+

Top non-repeatable levels by time:
     D:6: 1610 daAuts
     D:1: 1443 daAuts
     D:3: 1307 daAuts
     D:5: 1198 daAuts
     D:2: 1122 daAuts
     D:4: 857 daAuts
     D:7: 539 daAuts
  Temple: 28 daAuts
